 Dungeon Crawl Stone Soup version 0.28-a0-998-gb9e9c7b67e (webtiles) character file.

Game seed: 16697210534924951425

2447 ytrimaz the Protected (level 9, -6/69 HPs)
             Began as a Formicid Fighter on Dec 3, 2021.
             Mangled by a two-headed ogre (19 damage)
             ... on level 6 of the Dungeon on Dec 5, 2021.
             The game lasted 00:08:44 (5929 turns).

ytrimaz the Protected (Formicid Fighter)            Turns: 5929, Time: 00:08:45

Health: -6/69      AC: 10    Str: 24    XL:     9   Next: 78%
Magic:  9/9        EV: 10    Int: 13    God:
Gold:   210        SH:  5    Dex: 10    Spells: 8/8 levels left

rFire   + . .      SeeInvis +   d - +5 rapier "Dehouv" {venom, rPois Int+4}
rCold   + . .      Faith    .   c - +0 buckler
rNeg    . . .      Spirit   .   b - +1 scale mail
rPois   +          Reflect  .   (helmet unavailable)
rElec   .          Harm     .   j - scarf {rC+ rF+}
rCorr   .          Rampage  .   (no gloves)
Will    .....                   g - +0 pair of boots
Stlth   ..........              (no amulet)
HPRegen 0.21/turn               (no ring)
MPRegen 0.11/turn               (no ring)

@: no status effects
A: permanent stasis, dig shafts and tunnels, antennae 3, four strong arms
a: Dig, Shaft Self


You were on level 6 of the Dungeon.
You visited 1 branch of the dungeon, and saw 6 of its levels.
You also visited: Sewer.

You collected 210 gold pieces.

Inventory:

Hand Weapons
 d - the +5 rapier "Dehouv" (weapon) {venom, rPois Int+4}
   (You found it in a sewer)

   It poisons the flesh of those it strikes.
   Int:       It affects your intelligence (+4).
   rPois:     It protects you from poison.
Missiles
 t - a throwing net
Armour
 b - a +1 scale mail (worn)
 c - a +0 buckler (worn)
 g - a +0 pair of boots (worn)
 j - a scarf of resistance (worn)
Jewellery
 a - a ring of ice
Wands
 l - a wand of paralysis (7)
Scrolls
 i - a scroll of summoning
 k - 2 scrolls of brand weapon
 o - a scroll of enchant armour
 q - a scroll of amnesia
Potions
 e - 3 potions of flight
 f - 4 potions of curing
 h - a potion of berserk rage {unknown}
 m - a potion of haste {unknown}
 n - a potion of degeneration {unknown}
 p - a potion of lignification {unknown}
 r - 3 potions of might
 s - a potion of heal wounds {unknown}


   Skills:
 * Level 5.7 Fighting
 * Level 7.7 Short Blades
 - Level 4.3 Axes
 * Level 8.0 Armour
 * Level 5.9 Shields


You had 8 spell levels left.
You didn't know any spells.
Your spell library contained the following spells:

 Spells                   Type           Power      Damage    Failure   Level
 Summon Forest            Summ/Tloc      0%         N/A       100%        5
 Summon Mana Viper        Hex/Summ       0%         N/A       100%        5
 Summon Cactus Giant      Summ           0%         N/A       100%        6


Dungeon Overview and Level Annotations

Branches:
Dungeon (6/15)              Sewer (visited)
 Temple: D:4-7

Altars:
Xom

Annotations:
D:6 3 runed translucent doors, McGhostyFace's ghost, novice GnFE


Innate Abilities, Weirdness & Mutations

You cannot be hasted, slowed, berserked, paralysed or teleported.
You can dig through walls and to a lower floor.
You have a pair of large antennae on your head. (SInv)
Your four strong arms can wield two-handed weapons with a shield.


Message History

You are poisoned.
The scorpion poisons you! The scorpion stings you.
You closely miss the scorpion.
You feel very sick. The scorpion stings you.
You hit the scorpion.
The scorpion is poisoned.
The scorpion is moderately wounded.
You feel sick. The scorpion stings you.
You puncture the scorpion!
The scorpion is almost dead.
You feel sick.
You kill the scorpion!
You feel sick.
You feel sick.
You feel sick.
You feel sick.
You feel sick.
You feel sick.
You feel sick.
You are no longer poisoned.
A two-headed ogre comes into view. It is wielding two +0 giant clubs.
A two-headed ogre is nearby!
A two-headed ogre is nearby!
The two-headed ogre hits you with a +0 giant club!
The two-headed ogre hits you with a +0 giant club!!
You barely miss the two-headed ogre. The two-headed ogre closely misses you.
The two-headed ogre barely misses you.
You puncture the two-headed ogre!
The two-headed ogre looks as sick as possible!
The two-headed ogre is moderately wounded.
You puncture the two-headed ogre!
The two-headed ogre looks as sick as possible!
The two-headed ogre is heavily wounded.
The two-headed ogre hits you with a +0 giant club!
The two-headed ogre hits you with a +0 giant club.
* * * LOW HITPOINT WARNING * * *
The two-headed ogre hits you with a +0 giant club!
* * * LOW HITPOINT WARNING * * *
The two-headed ogre hits you with a +0 giant club!!
You die...

#...# #...# #.####
####...#
......###......####
..........##......##
......#####......>.##
.#.... #..........#
#.... #.....O....#
...... #......@...#
....#. #..........#
....#..###..........#
#..###...##........##
....?.........## #...
..#.#..........# +..#
#..............# +..#
##.............# +..#
##..........).#


You could see a two-headed ogre (very poisoned).

Vanquished Creatures
  Pikel (D:4)
  Edmund (D:4)
  Duvessa (D:4)
  Pargi (Sewer)
  An ice beast (D:5)
  A sky beast (D:6)
  A centaur (D:5)
  3 ogres
  3 phantoms
  2 lemures
  Blork the orc (D:4)
  2 scorpions
  A wyvern zombie (D:6)
  A water moccasin skeleton (D:5)
  2 jellies
  Dowan (D:4)
  2 hounds (D:5)
  A bullfrog skeleton (D:6)
  A bullfrog zombie (D:5)
  A centaur skeleton (D:6)
  Ijyb (D:3)
  Jessica (D:2)
  A scorpion zombie (D:5)
  3 iguanas
  A hound skeleton (D:5)
  A howler monkey zombie (D:6)
  3 gnolls
  9 adders
  A river rat (D:3)
  A white imp (D:5)
  3 worms (D:3)
  3 orcs (D:5)
  4 endoplasms
  5 giant cockroaches
  6 goblins
  5 hobgoblins
  4 jackals
  5 quokkas
  7 ball pythons
  7 bats
  2 frilled lizards
  6 kobolds
  4 rats
111 creatures vanquished.

Vanquished Creatures (collateral kills)
  A bat (D:1)
  2 endoplasms (D:1)
  A ball python (D:1)
4 creatures vanquished.

Vanquished Creatures (others)
  A fungus (D:2)
  A plant (D:2)
2 creatures vanquished.

Grand Total: 117 creatures vanquished

Notes
Turn   | Place    | Note
-------+----------+-------------------------------------------
     0 | D:1      | ytrimaz the Formicid Fighter began the quest for the Orb.
     0 | D:1      | Reached XP level 1. HP: 18/18 MP: 1/1
   160 | D:1      | Reached XP level 2. HP: 24/24 MP: 2/2
   455 | D:1      | Reached XP level 3. HP: 23/29 MP: 3/3
   909 | D:2      | Noticed Jessica
   917 | D:2      | Killed Jessica
   918 | D:2      | Reached XP level 4. HP: 21/37 MP: 4/4
  1160 | D:2      | Reached skill level 4 in Armour
  1209 | D:2      | Found a faded altar of an unknown god.
  1544 | D:3      | Reached XP level 5. HP: 35/42 MP: 5/5
  2069 | D:3      | Found a glowing drain.
  2072 | Sewer    | Entered a sewer
  2092 | Sewer    | Upgraded the game from 0.28-a0-984-g3775c662fe to
                  | 0.28-a0-998-gb9e9c7b67e
  2159 | Sewer    | Noticed Pargi
  2167 | Sewer    | Killed Pargi
  2168 | Sewer    | Reached XP level 6. HP: 44/48 MP: 6/6
  2172 | Sewer    | Identified the +5 rapier "Dehouv" {venom, rPois Int+4}
  2287 | D:3      | Noticed Ijyb
  2297 | D:3      | Killed Ijyb
  2441 | D:3      | Reached skill level 1 in Short Blades
  2786 | D:4      | Noticed Pikel
  3192 | D:4      | Noticed Blork the orc
  3201 | D:4      | Killed Blork the orc
  3202 | D:4      | Reached skill level 5 in Armour
  3202 | D:4      | Reached XP level 7. HP: 41/55 MP: 7/7
  3453 | D:4      | Killed Pikel
  3454 | D:4      | Reached skill level 6 in Armour
  3454 | D:4      | Reached XP level 8. HP: 32/61 MP: 8/8
  3636 | D:4      | Noticed Edmund
  3664 | D:4      | Killed Edmund
  3665 | D:4      | Reached skill level 5 in Short Blades
  3665 | D:4      | Reached skill level 5 in Shields
  3954 | D:4      | Noticed Duvessa
  3955 | D:4      | Noticed Dowan
  3960 | D:4      | Killed Duvessa
  3961 | D:4      | Reached skill level 5 in Fighting
  3964 | D:4      | Killed Dowan
  4138 | D:5      | Entered Level 5 of the Dungeon
  4151 | D:5      | Reached skill level 7 in Armour
  4176 | D:5      | Reached XP level 9. HP: 65/68 MP: 9/9
  4830 | D:5      | Found a shimmering altar of Xom.
  5337 | D:6      | Found a runed translucent gate.
  5338 | D:6      | Found a runed translucent gate.
  5338 | D:6      | Noticed McGhostyFace's ghost (novice GnFE)
  5338 | D:6      | Noticed a two-headed ogre
  5339 | D:6      | Found a runed translucent gate.
  5662 | D:6      | Reached skill level 8 in Armour
  5911 | D:6      | Noticed a two-headed ogre
  5929 | D:6      | Mangled by a two-headed ogre

Illustrated notes

Levels and vault maps discovered:
D:1:      erik_arrival_triangle_small, layout_rooms
D:2:      layout_basic, shapermc_ecumenical_altar_acropolis, uniq_jessica
D:3:      layout_basic, gup_sewer_entry_spiral, kennysheep_cross_bottleneck,
          kennysheep_generic_room_11, uniq_ijyb
D:4:      layout_cave_pools, uniq_edmund, uniq_duvessa, uniq_pikel,
          uniq_blork_the_orc
D:5:      layout_loops_corners, mainiacjoe_overflow_brackets, st_stairs_6,
          kennysheep_generic_room_4
D:6:      layout_rooms, gammafunk_ghost_split,
          amcnicky_mini_rare_corridor_liquid, patterned_corridor

Skill      XL: |  1  2  3  4  5  6  7  8  9 |
---------------+----------------------------+-----
Shields        | 4 5 |  5.9
Axes           | 3 4 |  4.3
Armour         | 4 5 6 7 8 |  8.0
Fighting       | 4 5 |  5.7
Short Blades   | 2 4 5 7 |  7.7

Action                   |  1- 3 |  4- 6 |  7- 9 || total
-------------------------+-------+-------+-------++-------
Melee: War axe           |    57 |    89 |       ||   146
       Rapier            |       |    60 |   172 ||   232
 Abil: Dig               |     3 |     9 |       ||    12
  Use: Scroll            |     4 |     4 |     5 ||    13
       Potion            |       |     2 |       ||     2
Armor: Scale mail        |    43 |    99 |    52 ||   194
Dodge: Dodged            |    33 |    82 |    75 ||   190
Block: Buckler           |    21 |    43 |    30 ||    94

Table legend: (Time is in decaauts)
 A = Elapsed time spent in this place.
 B = Non-inter-level travel time spent in this place.
 C = Inter-level travel time spent in this place.
 D = Time resting spent in this place.
 E = Time spent auto-exploring this place.
 F = Levels seen in this place.
 G = Mean time per level.
                   A        B        C        D        E       F      G
               +--------+--------+--------+--------+--------+-----+--------+
         Total |   6010 |   5795 |    215 |    305 |   3983 |   7 |  858.6 |
       Dungeon |   5849 |   5634 |    215 |    288 |   3920 |   6 |  974.8 |
         Sewer |    161 |    161 |      0 |     17 |     63 |   1 |  161.0 |
               +--------+--------+--------+--------+--------+-----+--------+

Top non-repeatable levels by time:
     D:3: 1257 daAuts
     D:2: 1131 daAuts
     D:4: 1026 daAuts
     D:5: 1001 daAuts
     D:6: 773 daAuts
     D:1: 658 daAuts
   Sewer: 161 daAuts
